 Dungeon Crawl Stone Soup version 0.22.0-1-g6561e4c (webtiles) character file.

174 MTVSty1e the Poker (level 5, 0/47 HPs)
             Began as a Draconian Berserker on Aug 12, 2018.
             Was a Priest of Trog.
             Killed by divine providence
             ... invoked by an orc priest
              (14 damage)
             ... on level 3 of the Dungeon.
             The game lasted 00:03:03 (2919 turns).

MTVSty1e the Poker (Draconian Berserker)            Turns: 2919, Time: 00:03:04

Health: 0/47       AC:  5    Str: 20    XL:     5   Next: 28%
Magic:  5/5        EV: 12    Int:  7    God:    Trog [***...]
Gold:   108        SH:  0    Dex: 11    Spells: 4/4 levels left

rFire    . . .     SeeInvis .   a - +0 spear
rCold    . . .     Gourm    .   (no shield)
rNeg     . . .     Faith    .   (armour unavailable)
rPois    .         Spirit   .   (helmet restricted)
rElec    .         Reflect  .   (no cloak)
rCorr    .         Harm     .   (no gloves)
MR       +....                  (no boots)
Stlth    +.........             (no amulet)
HPRegen  0.15/turn              h - ring of protection from magic (curse)
MPRegen  0.09/turn              (no ring)

@: no status effects
A: unfitting armour, cold-blooded, AC +5
a: Berserk, Trog's Hand, Renounce Religion


You were on level 3 of the Dungeon.
You worshipped Trog.
Trog was most pleased with you.
You were not hungry.

You visited 1 branch of the dungeon, and saw 3 of its levels.

You collected 108 gold pieces.

Inventory:

Hand Weapons
 a - a +0 spear (weapon)
Jewellery
 h - a cursed ring of protection from magic (left hand)
Scrolls
 c - a scroll of identify {unknown}
 d - a scroll of noise {unknown}
 e - a scroll of remove curse {unknown}
 f - a scroll of fear {unknown}
 i - 4 scrolls of enchant weapon {unknown}
 l - a scroll of enchant armour {unknown}
 n - a scroll of random uselessness {unknown}
Potions
 g - 3 potions of degeneration {unknown}
 j - a potion of magic {unknown}
 k - a potion of curing
 m - a potion of brilliance {unknown}
Comestibles
 b - 4 rations
 o - a chunk of flesh


   Skills:
 + Level 4.6 Fighting
 * Level 5.2 Polearms
 - Level 2.6 Dodging


You had 4 spell levels left.
You didn't know any spells.
Your spell library was empty.

Dungeon Overview and Level Annotations

Branches:
Dungeon (3/15)

Altars:
Hepliaklqana
Okawaru
Uskayaw
Xom


Innate Abilities, Weirdness & Mutations

Your plain brown scales are hard. (AC +5)
You cannot fit into any form of body armour.
You are cold-blooded and may be slowed by cold attacks.


Message History

The orc is moderately wounded.
The orc closely misses you.
An orc wizard comes into view. It is wielding a dagger.
You closely miss the orc.
The orc wizard shouts!
The orc barely misses you.
You barely miss the orc. The orc hits you with a flail!
The orc priest calls down the wrath of Beogh upon you.
Beogh smites you!
* * * LOW HITPOINT WARNING * * *
You are too injured to fight recklessly!
You are too injured to fight recklessly!
You are too injured to fight recklessly!
You are too injured to fight recklessly!
You are too injured to fight recklessly!
You are too injured to fight recklessly!
You are too injured to fight recklessly!
The orc priest invokes the aid of Beogh against you.
Beogh smites you!
You die...

#.#.# #o#.# #####o#.#
......#.### ....$.....#
...(......# ......oo..#
#...).# ######## #...@.#
#......# #...$.#.#
#......# #.....#.#
#......# #.....#.#
#......#
#.#.#.#.######......#
+....................
#.#.#.#.######.......
...#.#.#.#.######.......
................#.......


You could see an orc priest, an orc wizard and 2 orcs.

Vanquished Creatures
  Jessica (D:2)
  Robin (D:2)
  4 adders
  An ooze (D:2)
  A worm (D:3)
  2 dart slugs (D:1)
  4 leopard geckos
  An orc (D:3)
  2 ball pythons
  2 giant cockroaches
  19 goblins
  11 hobgoblins
  3 jackals (D:2)
  2 quokkas
  11 bats
  3 frilled lizards
  7 kobolds (D:1)
  6 rats
81 creatures vanquished.

Notes
Turn   | Place    | Note
-------+----------+-------------------------------------------
     0 | D:1      | MTVSty1e the Draconian Berserker began the quest for the Orb.
     0 | D:1      | Reached XP level 1. HP: 19/19 MP: 1/1
   174 | D:1      | Reached XP level 2. HP: 26/26 MP: 2/2
   348 | D:1      | Reached XP level 3. HP: 14/33 MP: 3/3
   696 | D:1      | Reached ** piety under Trog
   755 | D:1      | Reached skill level 4 in Polearms
  1262 | D:1      | You fall through a shaft!
  1385 | D:2      | Found a hazy altar of Hepliaklqana.
  1394 | D:2      | Found a shimmering altar of Xom.
  1394 | D:2      | Noticed a wyvern
  1395 | D:2      | Noticed a spectral ugly thing
  1395 | D:2      | Noticed a wyvern
  1415 | D:2      | Noticed Jessica
  1417 | D:2      | Killed Jessica
  1417 | D:2      | Reached XP level 4. HP: 35/40 MP: 4/4
  1794 | D:2      | Noticed Robin
  1817 | D:2      | Reached *** piety under Trog
  1830 | D:2      | HP: 2/41 [Robin/spear (4)]
  1831 | D:2      | Killed Robin
  1831 | D:2      | Reached skill level 5 in Polearms
  2201 | D:2      | Reached XP level 5. HP: 47/47 MP: 5/5
  2328 | D:2      | Found a hide-covered altar of Uskayaw.
  2404 | D:2      | Found an iron altar of Okawaru.
  2919 | D:3      | Killed from afar by an orc priest

Skill      XL: |  1  2  3  4 |
---------------+-------------+-----
Polearms       | 4 5 |  5.2
Fighting       | 4 |  4.6
Dodging        | |  2.6

Action                   |  1- 3 |  4- 6 || total
-------------------------+-------+-------++-------
Melee: Spear             |   125 |   167 ||   292
       Tailslap          |     9 |    13 ||    22
 Stab: Sleeping          |     2 |     5 ||     7
  Eat: Chunk             |     1 |     2 ||     3
       Ration            |       |     1 ||     1
Armor: Skin              |    16 |    30 ||    46
Dodge: Dodged            |    44 |    86 ||   130
